TOP OF THE 1ST |
Hamilton Ross Rams batting - Pitching for Oregon State University Beavers : RHP Edwin Zelaya
|
Pitching: RHP Edwin Zelaya
|
|
Batting: RHB Giovonni Melis
|
0-0: Called Strike 0-1: Single, Error in OF, E8, batter to second base (Groundball, 6D, EV 103.1 MPH)
|
Batting: LHB Trey Toope
|
0-0: Ball 1-0: Foul Ball, location: 2F 1-1: Ball 2-1: Ball 3-1: Fly out, F6 (Popup, 6M, EV 61.2 MPH)
|
Batting: LHB Addergoole Kartosuwiryo
|
0-0: Ball Giovonni Melis is caught stealing 3rd base 2-5 1-0: Swinging Strike 1-1: Ball 2-1: Ground out 5-3 (Groundball, 56S, EV 68.8 MPH)
|
Top of the 1st over - 0 runs, 1 hit, 1 error, 0 left on base; Hamilton Ross 0 - Oregon State University 0 |
BOTTOM OF THE 1ST |
Oregon State University Beavers batting - Pitching for Hamilton Ross Rams : RHP Raymilson La Arena
|
Pitching: RHP Raymilson La Arena
|
|
Batting: RHB Rafael Ventura
|
0-0: Called Strike 0-1: Called Strike 0-2: Ball 1-2: Ball 2-2: Ball 3-2: Fly out, F8 (Flyball, 8RD, EV 72.5 MPH)
|
Batting: LHB Soo-yeon Kym
|
0-0: Called Strike 0-1: Ball 1-1: Swinging Strike 1-2: Strikes out swinging
|
Batting: RHB Luis Flores
|
0-0: SINGLE (Groundball, 6MD, EV 98.1 MPH)
|
Batting: RHB Rod Stuart
|
0-0: Ball 1-0: Called Strike 1-1: SINGLE (Groundball, 56S, EV 62.5 MPH) (infield hit) Luis Flores to second
|
Batting: RHB Adam Hibbard
|
0-0: Ball 1-0: Fly out, F6 (Line Drive, 6, EV 71.2 MPH)
|
Bottom of the 1st over - 0 runs, 2 hits, 0 errors, 2 left on base; Hamilton Ross 0 - Oregon State University 0 |
TOP OF THE 2ND |
Hamilton Ross Rams batting - Pitching for Oregon State University Beavers : RHP Edwin Zelaya
|
Batting: RHB Luke Jensen
|
0-0: Ground out 4-3 (Groundball, 4M, EV 84.4 MPH)
|
Batting: LHB Miguel Silveira
|
0-0: Called Strike 0-1: Called Strike 0-2: Ball 1-2: Ball 2-2: Foul Ball, location: 2F 2-2: Foul Ball, location: 2F 2-2: Strikes out swinging
|
Batting: RHB Sam Costello
|
0-0: Foul Ball, location: 2F 0-1: Called Strike 0-2: SINGLE (Line Drive, 9LS, EV 111.2 MPH)
|
Batting: RHB Chun-hak Ahn
|
0-0: Called Strike 0-1: Ball 1-1: Fly out, F8 (Flyball, 8LM, EV 89.4 MPH)
|
Top of the 2nd over - 0 runs, 1 hit, 0 errors, 1 left on base; Hamilton Ross 0 - Oregon State University 0 |
BOTTOM OF THE 2ND |
Oregon State University Beavers batting - Pitching for Hamilton Ross Rams : RHP Raymilson La Arena
|
Batting: LHB Jordan Melendez
|
0-0: Foul Ball, location: 2F 0-1: Fly out, F8 (Line Drive, 8RM, EV 85.6 MPH)
|
Batting: RHB Lionello Pancaldi
|
0-0: Ground out 6-3 (Groundball, 6, EV 85.0 MPH)
|
Batting: RHB Jake Rothenberger
|
0-0: Ball 1-0: Called Strike 1-1: Ball 2-1: Foul Ball, location: 2F 2-2: SINGLE (Groundball, 4, EV 95.6 MPH)
|
Batting: RHB Bai-luo Huo
|
0-0: Called Strike 0-1: Ball 1-1: Called Strike 1-2: Strikes out swinging
|
Bottom of the 2nd over - 0 runs, 1 hit, 0 errors, 1 left on base; Hamilton Ross 0 - Oregon State University 0 |
TOP OF THE 3RD |
Hamilton Ross Rams batting - Pitching for Oregon State University Beavers : RHP Edwin Zelaya
|
Batting: RHB C.J. Fleet
|
0-0: Called Strike 0-1: Ball 1-1: Called Strike 1-2: Strikes out swinging
|
Batting: RHB Christian Leschak
|
0-0: Called Strike 0-1: Foul Ball, location: 2F 0-2: Ball 1-2: SINGLE (Groundball, 56D, EV 96.2 MPH)
|
Batting: RHB Giovonni Melis
|
0-0: Called Strike 0-1: Fly out, F7 (Flyball, 78D, EV 97.5 MPH)
|
Batting: LHB Trey Toope
|
0-0: SINGLE (Groundball, 4D, EV 94.4 MPH) Christian Leschak to second Runner from 2nd tries for 3rd, SAFE, throw by CF made to third
|
Batting: LHB Addergoole Kartosuwiryo
|
0-0: Foul Ball, location: 2F 0-1: Swinging Strike 0-2: Ball 1-2: Ball 2-2: Foul Ball, location: 2F 2-2: Ball 3-2: Strikes out swinging
|
Top of the 3rd over - 0 runs, 2 hits, 0 errors, 2 left on base; Hamilton Ross 0 - Oregon State University 0 |
BOTTOM OF THE 3RD |
Oregon State University Beavers batting - Pitching for Hamilton Ross Rams : RHP Raymilson La Arena
|
Batting: RHB Rafael Ventura
|
0-0: Ball 1-0: Fly out, F9 (Line Drive, 89M, EV 98.8 MPH)
|
Batting: LHB Soo-yeon Kym
|
0-0: Ball 1-0: Ball 2-0: Foul Ball, location: 2F 2-1: Ball 3-1: Ground out U3 (Groundball, 3S, EV 69.4 MPH)
|
Batting: RHB Luis Flores
|
0-0: Ball 1-0: Ball 2-0: Called Strike 2-1: Ball 3-1: Called Strike 3-2: Foul Ball, location: 2F 3-2: Base on Balls
|
Batting: RHB Rod Stuart
|
0-0: Called Strike 0-1: Ball 1-1: SINGLE (Groundball, 4MD, EV 101.9 MPH) Luis Flores to second
|
Batting: RHB Adam Hibbard
|
0-0: Ball 1-0: Foul Ball, location: 2F 1-1: Ball 2-1: Ball 3-1: Foul Ball, location: 2F 3-2: SINGLE (Groundball, 5D, EV 101.9 MPH) Luis Flores to third Rod Stuart to second Luis Flores scores Rod Stuart to third
|
Batting: LHB Jordan Melendez
|
0-0: DOUBLE (Groundball, 3L, EV 98.8 MPH) Rod Stuart scores Adam Hibbard to third Runner from 3rd tries for Home, SAFE, throw by RF to home
|
Batting: RHB Lionello Pancaldi
|
0-0: Ball 1-0: Ball 2-0: Called Strike 2-1: Foul Ball, location: 2F 2-2: Foul Ball, location: 2F 2-2: Strikes out looking
|
Bottom of the 3rd over - 3 runs, 3 hits, 0 errors, 1 left on base; Hamilton Ross 0 - Oregon State University 3 |
TOP OF THE 4TH |
Hamilton Ross Rams batting - Pitching for Oregon State University Beavers : RHP Edwin Zelaya
|
Batting: RHB Luke Jensen
|
0-0: Ground out U3 (Groundball, 3, EV 104.4 MPH)
|
Batting: LHB Miguel Silveira
|
0-0: Ball 1-0: SINGLE (Line Drive, 78S, EV 99.4 MPH)
|
Batting: RHB Sam Costello
|
0-0: Ball 1-0: Foul Ball, location: 2F 1-1: Foul Ball, location: 2F 1-2: Strikes out looking
|
Batting: RHB Chun-hak Ahn
|
0-0: Called Strike 0-1: Ball 1-1: Called Strike 1-2: Ball 2-2: 2-RUN HOME RUN (Flyball, 7D, EV 102.5 MPH), Distance : 399 ft
|
Batting: RHB C.J. Fleet
|
0-0: Called Strike 0-1: Ground out 1-3 (Groundball, 15S, EV 62.5 MPH)
|
Top of the 4th over - 2 runs, 2 hits, 0 errors, 0 left on base; Hamilton Ross 2 - Oregon State University 3 |
BOTTOM OF THE 4TH |
Oregon State University Beavers batting - Pitching for Hamilton Ross Rams : RHP Raymilson La Arena
|
Batting: RHB Jake Rothenberger
|
0-0: Ball 1-0: Foul Ball, location: 2F 1-1: Swinging Strike 1-2: Strikes out looking
|
Batting: RHB Bai-luo Huo
|
0-0: Ball 1-0: Foul Ball, location: 2F 1-1: Foul Ball, location: 2F 1-2: Foul Ball, location: 2F 1-2: Strikes out swinging
|
Batting: RHB Rafael Ventura
|
0-0: Ball 1-0: Called Strike 1-1: Foul Ball, location: 2F 1-2: Foul Ball, location: 2F 1-2: Ball 2-2: SINGLE (Groundball, 6MD, EV 107.5 MPH)
|
Batting: LHB Soo-yeon Kym
|
0-0: Ball 1-0: Ball Rafael Ventura steals 2nd base 2-0: Foul Ball, location: 2F 2-1: Foul Ball, location: 2F 2-2: 2-RUN HOME RUN (Flyball, 78XD, EV 112.5 MPH), Distance : 440 ft
|
Pitching: LHP Setsuo Kimura
|
|
Batting: RHB Luis Flores
|
0-0: Ball 1-0: Ground out 5-3 (Groundball, 56S, EV 83.1 MPH)
|
Bottom of the 4th over - 2 runs, 2 hits, 0 errors, 0 left on base; Hamilton Ross 2 - Oregon State University 5 |
TOP OF THE 5TH |
Hamilton Ross Rams batting - Pitching for Oregon State University Beavers : RHP Edwin Zelaya
|
Now at C: Dave Crum
|
|
Now at 2B: Jake Rothenberger
|
|
Now at SS: Sosaia Apelahama
|
|
Batting: RHB Christian Leschak
|
0-0: Called Strike 0-1: Ground out 5-3 (Groundball, 25, EV 88.8 MPH)
|
Batting: RHB Giovonni Melis
|
0-0: Foul Ball, location: 2F 0-1: Ground out 6-3 (Groundball, 6, EV 86.9 MPH)
|
Pinch Hitting: LHB Hector Salazar
|
0-0: Swinging Strike 0-1: Called Strike 0-2: Ball 1-2: Foul Ball, location: 2F 1-2: Ball 2-2: Foul Ball, location: 2F 2-2: Ball 3-2: Strikes out swinging
|
Top of the 5th over - 0 runs, 0 hits, 0 errors, 0 left on base; Hamilton Ross 2 - Oregon State University 5 |
BOTTOM OF THE 5TH |
Oregon State University Beavers batting - Pitching for Hamilton Ross Rams : LHP Setsuo Kimura
|
Pitching: RHP Robin Kay
|
|
Now at C: Anderson Shumate
|
|
Now in RF: Hector Salazar
|
|
Batting: SHB Sosaia Apelahama
|
0-0: Ground out 4-3 (Groundball, 4S, EV 68.8 MPH)
|
Batting: SHB Jim Chute
|
0-0: Called Strike 0-1: Foul Ball, location: 2F 0-2: Foul Ball, location: 2F 0-2: Ball 1-2: Ball 2-2: Foul Ball, location: 2F 2-2: Fly out, F7 (Flyball, 78M, EV 92.5 MPH)
|
Batting: LHB Jordan Melendez
|
0-0: Ball 1-0: Ball 2-0: Ground out 6-3 (Groundball, 6, EV 80.0 MPH)
|
Bottom of the 5th over - 0 runs, 0 hits, 0 errors, 0 left on base; Hamilton Ross 2 - Oregon State University 5 |
TOP OF THE 6TH |
Hamilton Ross Rams batting - Pitching for Oregon State University Beavers : RHP Edwin Zelaya
|
Pitching: RHP Josh Palmquist
|
|
Now at 1B: Kyle McCunn
|
|
Now at 2B: Brock Darby
|
|
Pinch Hitting: RHB Drew Morgenstern
|
0-0: Called Strike 0-1: Foul Ball, location: 2F 0-2: Strikes out swinging
|
Pinch Hitting: SHB Steve Bailey
|
0-0: Ball 1-0: Foul Ball, location: 2F 1-1: Foul Ball, location: 2F 1-2: Ball 2-2: Foul Ball, location: 2F 2-2: Strikes out looking
|
Pinch Hitting: RHB Waggoner Wagner
|
0-0: Foul Ball, location: 2F 0-1: Ball 1-1: Foul Ball, location: 2F 1-2: Ball 2-2: Fly out, F8 (Flyball, 89M, EV 83.1 MPH)
|
Top of the 6th over - 0 runs, 0 hits, 0 errors, 0 left on base; Hamilton Ross 2 - Oregon State University 5 |
BOTTOM OF THE 6TH |
Oregon State University Beavers batting - Pitching for Hamilton Ross Rams : RHP Robin Kay
|
Pitching: RHP Juan Peralez
|
|
Now at 1B: Steve Bailey
|
|
Now at 2B: Drew Morgenstern
|
|
Now at 3B: Waggoner Wagner
|
|
Now at SS: Mark Kerr
|
|
Pinch Hitting: LHB Jon Hamilton
|
0-0: Called Strike 0-1: Ball 1-1: DOUBLE (Groundball, 3L, EV 101.9 MPH)
|
Batting: LHB Brock Darby
|
0-0: Swinging Strike 0-1: Called Strike 0-2: Ball 1-2: Ball 2-2: Foul Ball, location: 2F 2-2: Ball 3-2: Strikes out swinging
|
Batting: RHB Dave Crum
|
0-0: Ball 1-0: Ball 2-0: Foul Ball, location: 2F 2-1: Called Strike 2-2: Foul Ball, location: 2F 2-2: Strikes out swinging
|
Pinch Hitting: LHB Pablo Fraga
|
0-0: Fly out, F7 (Flyball, 7, EV 94.4 MPH)
|
Bottom of the 6th over - 0 runs, 1 hit, 0 errors, 1 left on base; Hamilton Ross 2 - Oregon State University 5 |
TOP OF THE 7TH |
Hamilton Ross Rams batting - Pitching for Oregon State University Beavers : RHP Josh Palmquist
|
Now at 3B: Eric Robertson
|
|
Now in LF: Freddie Macleod
|
|
Now in CF: Jon Hamilton
|
|
Now in RF: Pablo Fraga
|
|
Pinch Hitting: RHB Burke Miller
|
0-0: Ball 1-0: Ball 2-0: Ball 3-0: Base on Balls
|
Batting: RHB Chun-hak Ahn
|
0-0: Ball 1-0: Ball 2-0: Foul Ball, location: 2F 2-1: Ball 3-1: Called Strike 3-2: Foul Ball, location: 2F 3-2: Strikes out swinging
|
Batting: RHB Mark Kerr
|
0-0: Called Strike 0-1: Ball 1-1: Foul Ball, location: 2F 1-2: Strikes out swinging
|
Batting: RHB Anderson Shumate
|
0-0: Called Strike 0-1: Foul Ball, location: 2F 0-2: Strikes out looking
|
Top of the 7th over - 0 runs, 0 hits, 0 errors, 1 left on base; Hamilton Ross 2 - Oregon State University 5 |
BOTTOM OF THE 7TH |
Oregon State University Beavers batting - Pitching for Hamilton Ross Rams : RHP Juan Peralez
|
Pitching: RHP Jimmy Simpson
|
|
Now in LF: Burke Miller
|
|
Batting: RHB Freddie Macleod
|
0-0: Ball 1-0: Called Strike 1-1: Foul Ball, location: 2F 1-2: Strikes out swinging
|
Batting: RHB Kyle McCunn
|
0-0: Foul Ball, location: 2F 0-1: Ground out U3 (Groundball, 3S, EV 65.6 MPH)
|
Batting: SHB Sosaia Apelahama
|
0-0: Called Strike 0-1: Called Strike 0-2: Ball 1-2: Ball 2-2: Foul Ball, location: 2F 2-2: Ball 3-2: Fly out, F7 (Line Drive, 7, EV 90.6 MPH)
|
Bottom of the 7th over - 0 runs, 0 hits, 0 errors, 0 left on base; Hamilton Ross 2 - Oregon State University 5 |
TOP OF THE 8TH |
Hamilton Ross Rams batting - Pitching for Oregon State University Beavers : RHP Josh Palmquist
|
Pitching: RHP Edgar Cepeda
|
|
Batting: RHB Giovonni Melis
|
0-0: Fly out, F8 (Flyball, 8RM, EV 93.8 MPH)
|
Batting: LHB Hector Salazar
|
0-0: Called Strike 0-1: Swinging Strike 0-2: Strikes out looking
|
Batting: RHB Drew Morgenstern
|
0-0: Foul Ball, location: 2F 0-1: Called Strike 0-2: Strikes out swinging
|
Top of the 8th over - 0 runs, 0 hits, 0 errors, 0 left on base; Hamilton Ross 2 - Oregon State University 5 |
BOTTOM OF THE 8TH |
Oregon State University Beavers batting - Pitching for Hamilton Ross Rams : RHP Jimmy Simpson
|
Batting: SHB Jim Chute
|
0-0: Called Strike 0-1: Foul Ball, location: 2F 0-2: Ball 1-2: SINGLE (Groundball, 4MD, EV 97.5 MPH)
|
Batting: SHB Eric Robertson
|
0-0: Bunted foul 0-1: Bunt missed! 0-2: Ball 1-2: Strikes out swinging
|
Batting: LHB Jon Hamilton
|
0-0: Foul Ball, location: 2F 0-1: Swinging Strike 0-2: Ball 1-2: Ball 2-2: Fly out, F8 (Flyball, 89D, EV 103.8 MPH)
|
Batting: LHB Brock Darby
|
0-0: Swinging Strike 0-1: Ball 1-1: Swinging Strike 1-2: Strikes out swinging
|
Bottom of the 8th over - 0 runs, 1 hit, 0 errors, 1 left on base; Hamilton Ross 2 - Oregon State University 5 |
TOP OF THE 9TH |
Hamilton Ross Rams batting - Pitching for Oregon State University Beavers : RHP Edgar Cepeda
|
Pitching: RHP Wang-fen Ang
|
|
Batting: SHB Steve Bailey
|
0-0: Ball 1-0: Called Strike 1-1: Ball 2-1: Ball 3-1: Swinging Strike 3-2: Base on Balls
|
Batting: RHB Waggoner Wagner
|
0-0: Ball 1-0: Ball 2-0: Ball 3-0: Base on Balls Steve Bailey to second
|
Batting: RHB Burke Miller
|
0-0: Called Strike 0-1: Called Strike 0-2: Ball 1-2: Foul Ball, location: 2F 1-2: Fielders Choice at 2nd, 3-6 (Groundball, 34S, EV 88.1 MPH) Steve Bailey to third
|
Batting: RHB Chun-hak Ahn
|
0-0: Swinging Strike 0-1: Reached on error, E3 (Groundball, 3, EV 88.1 MPH) Steve Bailey scores Burke Miller to second
|
Batting: RHB Mark Kerr
|
0-0: Fly out, F8 (Flyball, 8LM, EV 95.0 MPH)
|
Batting: RHB Anderson Shumate
|
0-0: Ball 1-0: Called Strike 1-1: Fly out, F8 (Line Drive, 8RD, EV 105.0 MPH)
|
Top of the 9th over - 1 run, 0 hits, 1 error, 2 left on base; Hamilton Ross 3 - Oregon State University 5 |
|